Map: Cosmic Sapphire

Players

Pyroknight - Winner!

  • Race: Terran Terran
  • Spawn Location: 11:00

Pyroknight

  • Race: Zerg Zerg
  • League: Silver
  • Spawn Location: 5:00

VOD

Have the link to the VOD?

Description

Time

  • Played on: Aug. 2, 2022, 8:21 p.m.
  • Length: 9:40
Show
View Real Time Build Order
Export as new Build Order

Pyroknight Terran - Winner!

Build Orders:  

Get SALT Encoding   

  12  0:02  SCV  
  13  0:14  SCV  
  13  0:18  Supply Depot  
  14  0:26  SCV  
  15  0:40  SCV  
  16  0:44  Barracks  
  16  0:52  SCV  
  16  0:56  Refinery  
  18  1:04  SCV  
  18  1:09  Supply Depot  
  18  1:19  SCV  
  19  1:31  Orbital Command  
  19  1:52  Barracks Tech Lab  
  19  1:54  Barracks Reactor  
  19  1:57  SCV  
  20  2:09  SCV  
  20  2:15  Barracks  
  21  2:21  SCV  
  22  2:22  Command Center  
  22  2:32  Refinery  
  22  2:33  SCV  
  22  2:35  Engineering Bay  
  23  2:40  Marine x2  
  25  2:45  SCV  
  25  2:46  Supply Depot  
  26  2:57  SCV, Marine  
  26  2:58  Marine  
  29  3:03  Terran Infantry Weapons Level 1  
  29  3:07  Supply Depot  
  29  3:10  SCV  
  30  3:19  Barracks Tech Lab  
  30  3:22  SCV  
  30  3:26  Barracks  
  31  3:31  Barracks  
  31  3:34  SCV  
  32  3:41  Factory  
  32  3:46  SCV x2  
  34  3:53  Marine x2  
  36  3:58  SCV  
  37  4:08  SCV  
  38  4:16  Orbital Command  
  38  4:20  SCV  
  38  4:24  Marine x2  
  39  4:29  Barracks Reactor, Barracks Tech Lab  
  43  4:31  Marauder  
  43  4:36  SCV  
  44  4:42  Refinery  
  44  4:46  SCV  
  44  4:47  Refinery  
  44  4:48  SCV  
  48  4:53  Marauder, Marine  
  48  4:54  Marine x2  
  48  4:58  Factory Tech Lab, SCV  
  52  5:00  SCV  
  52  5:04  Starport  
  53  5:10  SCV  
  53  5:11  Marine x2  
  53  5:13  Marauder, Marine x2  
  60  5:14  Marine  
  61  5:23  SCV  
  62  5:31  Supply Depot  
  62  5:32  Terran Infantry Armor Level 1  
  62  5:35  Supply Depot  
  62  5:36  Armory  
  62  5:47  Starport Tech Lab  
  62  5:53  SCV, Marauder, Marine, Siege Tank  
  69  6:05  SCV  
  69  6:11  Fusion Core, Marine  
  71  6:17  SCV  
  72  6:18  Starport  
  72  6:20  Medivac  
  72  6:25  Siege Tank  
  77  6:29  SCV, Stimpack  
  78  6:34  Combat Shield  
  78  6:43  Supply Depot, Marine x6  
  78  6:44  Supply Depot  
  84  6:49  SCV  
  84  6:51  SCV  
  86  6:56  Medivac  
  88  7:01  Marine x4  
  88  7:03  SCV  
  88  7:06  Marine x2  
  95  7:19  Marine x4  
  97  7:24  Marine x2  
  99  7:34  Starport Tech Lab  
  99  7:37  Battlecruiser, Marine x4  
  105  7:42  Marine  
  110  7:52  Factory  
  110  8:25  Marine  
  110  8:26  Marine x3  
  109  8:27  Marine x2  
  103  8:43  Marine  
  103  8:44  Marine x2  
  99  8:55  Marine x3  
  84  9:01  Marine, Siege Tank  
  84  9:02  Marine x2  
  91  9:13  Marine x3  
  94  9:18  Marine  
  94  9:19  Marine x2  
Show
View Real Time Build Order
Export as new Build Order

Pyroknight Zerg 

Build Orders: Hatch First 

Get SALT Encoding   

  12  0:01  Drone  
  13  0:13  Overlord  
  13  0:17  Drone  
  14  0:36  Drone  
  15  0:49  Hatchery  
  14  0:50  Drone  
  15  0:57  Drone  
  15  0:58  Drone  
  17  1:10  Drone  
  18  1:23  Drone  
  18  1:24  Spawning Pool  
  18  1:29  Extractor, Drone  
  18  1:35  Drone  
  19  1:45  Evolution Chamber  
  19  1:46  Drone  
  19  1:55  Drone  
  20  2:05  Drone  
  21  2:10  Overlord  
  21  2:16  Drone, Hatchery  
  21  2:23  Queen  
  21  2:28  Drone  
  24  2:30  Drone  
  24  2:36  Drone  
  26  2:37  Drone  
  26  2:41  Extractor  
  26  2:42  Drone  
  27  2:51  Queen  
  27  2:55  Drone  
  30  3:00  Drone  
  30  3:04  Roach Warren  
  30  3:11  Lair  
  30  3:18  Drone  
  31  3:20  Drone  
  31  3:21  Drone  
  31  3:24  Overlord  
  33  3:36  Drone  
  33  3:37  Drone x2  
  33  3:39  Drone  
  33  3:40  Drone  
  38  3:42  Overlord  
  38  3:45  Drone  
  39  3:53  Queen  
  39  3:55  Drone x2  
  42  4:00  Extractor  
  42  4:05  Drone x2  
  42  4:06  Drone x2  
  42  4:07  Drone  
  47  4:24  Infestation Pit  
  47  4:25  Drone x2  
  47  4:27  Drone x3  
  51  4:32  Drone x2  
  51  4:33  Drone, Extractor  
  51  4:34  Drone  
  54  4:43  Drone x3  
  54  4:44  Drone  
  58  4:54  Overlord x2  
  58  4:57  Hatchery  
  57  5:01  Zerg Missile Weapons Level 1  
  57  5:06  Hive  
  57  5:12  Hydralisk Den  
  57  5:14  Drone x2  
  57  5:15  Drone, Overlord  
  57  5:17  Roach x2  
  57  5:18  Roach x2  
  57  5:19  Roach  
  69  5:28  Drone x4  
  72  5:32  Overlord  
  73  5:35  Extractor  
  73  5:42  Evolution Chamber  
  71  5:46  Glial Reconstitution  
  71  5:54  Drone  
  71  5:55  Drone x2  
  74  5:58  Drone  
  74  5:59  Drone  
  74  6:00  Overlord  
  76  6:04  Drone  
  76  6:09  Drone x2  
  76  6:10  Drone, Queen  
  82  6:16  Roach x3  
  88  6:35  Drone x4  
  88  6:38  Extractor  
  88  6:39  Roach x3  
  99  6:40  Roach x2  
  99  6:46  Hatchery  
  100  6:47  Zerg Ground Armor Level 1  
  100  6:53  Roach x2  
  104  6:55  Overlord x2  
  104  7:07  Ultralisk Cavern  
  103  7:14  Spire, Drone x3  
  103  7:15  Drone x5  
  108  7:28  Roach x4, Drone  
  108  7:29  Drone x3  
  120  7:41  Overlord x3  
  120  7:42  Overlord  
  120  7:43  Overlord  
  120  7:51  Hatchery  
  119  7:58  Ultralisk  
  119  8:00  Ultralisk  
  119  8:01  Ultralisk  
  137  8:13  Ravager  
  137  8:14  Ravager x7  
  137  8:15  Ravager x2  
  137  8:18  Roach  
  137  8:19  Roach  
  151  8:22  Extractor  
  151  8:23  Drone x3  
  151  8:25  Extractor  
  144  8:31  Roach x4  
  144  8:32  Roach x2  
  116  8:38  Drone  
  116  8:40  Roach x2  
  117  8:42  Overlord x3  
  103  8:56  Overlord x2  
  103  8:57  Overlord x3  
  87  9:05  Roach  
  87  9:06  Roach x4  
  87  9:08  Corruptor x2  
  93  9:11  Zergling x2  
  93  9:12  Zergling x4  
Tags
 
League
Silver
Matchup
TvZ
Spawn Locations
Cross Positions
Add a new tag
Caveats
  • Supply blocks, unpowered buildings, or Contaminate may cause inaccurate times.
  • Supply counts are checked every 10 seconds.